 Dungeon Crawl Stone Soup version 0.17.0-28-g6e173f8 (webtiles) character file.

215 sugabear the Cudgeler (level 5, -1/32 HPs)
             Began as a Gargoyle Gladiator on Dec 3, 2015.
             Killed from afar by an orc wizard (8 damage)
             ... with a puff of flame
             ... on level 3 of the Dungeon.
             The game lasted 00:05:40 (2377 turns).

sugabear the Cudgeler (Gargoyle Gladiator)          Turns: 2377, Time: 00:05:40

Health: -1/32      AC: 11    Str: 18    XL:     5   Next: 92%
Magic:  5/5        EV: 17    Int:  9    God:
Gold:   130        SH:  0    Dex: 11    Spells: 0 memorised, 4 levels left

rFire  . . .     SeeInvis .     A - +2 morningstar (vamp)
rCold  . . .     Clarity  .     b - +0 leather armour
rNeg   + . .     SustAt   .     (no shield)
rPois  ∞         Gourm    .     q - +2 helmet
rElec  +         Spirit   .     (no cloak)
rCorr  .         Warding  .     r - +0 pair of gloves
rMut   .         Stasis   .     (no boots)
MR     .....                    (no amulet)
Stlth  +.........               u - ring of wizardry
                                g - +4 ring of evasion

@: not resistant to hostile enchantments, very unstealthy
A: negative energy resistance 1, electricity resistance, unbreathing,
petrification resistance, rot immunity, AC +4
a: no special abilities


You were on level 3 of the Dungeon.
You were not hungry.

You visited 1 branch of the dungeon, and saw 3 of its levels.

You collected 130 gold pieces.

Inventory:

Hand Weapons
 a - a +0 flail
 A - a +2 vampiric morningstar (weapon)
Missiles
 d - 3 throwing nets (quivered)
Armour
 b - a +0 leather armour (worn)
 q - a +2 helmet (worn)
 r - a +0 pair of gloves (worn)
Magical Staves
 k - an uncursed staff of wizardry {unknown}
Jewellery
 g - a +4 ring of evasion (left hand)
 u - a ring of wizardry (right hand)
Scrolls
 c - a scroll of enchant weapon {unknown}
 f - 2 scrolls of teleportation {unknown}
 h - 2 scrolls of noise {unknown}
 i - 3 scrolls of fear {unknown}
 l - a scroll of amnesia {unknown}
 n - a scroll of enchant armour {unknown}
 s - a scroll of random uselessness {unknown}
 t - 4 scrolls of remove curse {unknown}
 v - a scroll of magic mapping {unknown}
 w - a scroll of identify {unknown}
 y - a scroll of blinking {unknown}
Potions
 j - 2 potions of lignification {unknown}
 m - a potion of agility {unknown}
 o - a potion of heal wounds {unknown}
 p - 2 potions of ambrosia {unknown}
 x - a potion of poison {unknown}
Comestibles
 e - 2 bread rations
 z - 2 chunks of flesh


   Skills:
 + Level 3.2 Fighting
 + Level 4.2 Maces & Flails
 + Level 2.0 Throwing
 + Level 1.4 Armour
 + Level 3.7 Dodging
 + Level 1.0 Stealth


You had 4 spell levels left.
You didn't know any spells.

Dungeon Overview and Level Annotations

Branches:
Dungeon (3/15)

Altars:
Sif Muna
Zin


Innate Abilities, Weirdness & Mutations

You are resistant to torment.
Your stone body is resilient (AC +4).
You are immune to poison.
You resist negative energy.
You are resistant to electric shocks.
You can survive without breathing.
You are immune to petrification.
You are immune to rotting.


Message History

The giant gecko bites you. Something hits you.
You barely miss the giant gecko. The giant gecko closely misses you.
Something hits you.
You barely miss the giant gecko. The giant gecko completely misses you.
Something hits you.
* * * LOW HITPOINT WARNING * * *
The giant gecko misses you.
You are too injured to fight recklessly!
You are too injured to fight recklessly!
You are too injured to fight recklessly!
Something hits you.
* * * LOW HITPOINT WARNING * * *
The giant gecko misses you.
You see here a stone.
You puncture the giant gecko!
You feel better.
You kill the giant gecko!
You hear some strange, mumbled words.
A puff of flame appears from out of thin air!
The puff of flame hits you!
You die...

.. #.# #.#
######.## #.#
........<## #.#
#####.....#####
#.#
##........######.#
##.#####........#
#.# ####.##### #(#
#.# #@# #.#
##†###### #.##
#†>.....# #..#
#).####.# #####
#..# ##>## #..#
8...8 .... #%....#
##... _....._ #...
##.....##


There were no monsters in sight!

Vanquished Creatures
  3 orc priests (D:3)
  5 adders
  3 giant geckos
  6 orcs (D:3)
  6 bats
  3 giant cockroaches
  9 goblins
  4 hobgoblins
  14 kobolds
  2 quokkas (D:3)
  4 ball pythons
  3 giant newts
  3 jackals (D:1)
  8 rats
  2 plants (D:2)
75 creatures vanquished.

Notes
Turn   | Place    | Note
--------------------------------------------------------------
     0 | D:1      | sugabear the Gargoyle Gladiator began the quest for the Orb.
     0 | D:1      | Reached XP level 1. HP: 12/12 MP: 1/1
   230 | D:1      | Reached XP level 2. HP: 16/18 MP: 2/2
   651 | D:1      | Reached XP level 3. HP: 22/22 MP: 3/3
  1448 | D:2      | Reached XP level 4. HP: 27/27 MP: 4/4
  2019 | D:3      | Reached skill level 1 in Armour
  2019 | D:3      | Reached XP level 5. HP: 23/32 MP: 5/5
  2135 | D:3      | Reached skill level 4 in Maces & Flails
  2328 | D:3      | Found a glowing silver altar of Zin.
  2330 | D:3      | Found a deep blue altar of Sif Muna.
  2351 | D:3      | Reached skill level 1 in Stealth
  2377 | D:3      | Killed from afar by an orc wizard

Action                   |  1- 3 |  4- 6 || total
-------------------------+-------+-------++-------
Melee: Flail             |   144 |   139 ||   283
       Morningstar       |       |    40 ||    40
  Eat: Chunk             |     2 |     3 ||     5
       Fruit             |       |     3 ||     3
       Meat ration       |       |     1 ||     1
